Map: [ESL] Site Delta

Players

GuMiho - Winner!

  • Race: Terran Terran
  • Spawn Location: 5:00

Clem

  • Race: Terran Terran
  • Spawn Location: 11:00

Event: ESL Spring 2024 Finals

VOD

Have the link to the VOD?

Description

Time

  • Played on: June 1, 2024, 12:58 p.m.
  • Length: 2:57

All games in this series

Show
View Real Time Build Order
Export as new Build Order

GuMiho Terran - Winner!

Build Orders:  

Get SALT Encoding   

  12  0:00  SCV  
  13  0:12  SCV  
  14  0:17  Supply Depot  
  14  0:24  SCV  
  15  0:39  Barracks  
  15  0:42  Refinery  
  15  0:55  Barracks  
  15  0:59  SCV  
  16  1:11  SCV  
  16  1:13  Refinery  
  17  1:23  SCV  
  18  1:26  Reaper  
  19  1:35  Orbital Command  
  19  1:42  Reaper  
  20  1:50  Supply Depot  
  20  1:58  Reaper  
  20  2:01  SCV  
  22  2:13  SCV  
  22  2:14  Reaper  
  24  2:25  SCV  
  26  2:37  SCV  
  26  2:39  Factory  
Show
View Real Time Build Order
Export as new Build Order

Clem Terran 

Build Orders:  

Get SALT Encoding   

  12  0:00  SCV  
  13  0:12  SCV  
  14  0:17  Supply Depot  
  14  0:24  SCV  
  15  0:38  SCV  
  15  0:39  Barracks  
  16  0:42  Refinery  
  16  0:50  SCV  
  16  0:53  Refinery  
  17  1:02  SCV  
  18  1:14  SCV  
  19  1:26  Reaper  
  19  1:27  Orbital Command  
  19  1:30  Supply Depot  
  20  1:40  Factory  
  20  1:52  SCV  
  21  1:58  Reaper  
  22  2:04  SCV  
  23  2:15  Command Center  
  23  2:18  SCV  
  23  2:25  Hellion  
  24  2:30  SCV  
Tags
 
Add a new tag
Caveats
  • Supply blocks, unpowered buildings, or Contaminate may cause inaccurate times.
  • Supply counts are checked every 10 seconds.